Map: [ESL] Tropical Sacrifice

Players

ByuN - Winner!

  • Race: Terran Terran
  • Spawn Location: 1:00

Bunny

  • Race: Terran Terran
  • Spawn Location: 7:00

Event: DreamHack SC2 Masters 2022 Valencia

VOD

Have the link to the VOD?

Description

Time

  • Played on: July 2, 2022, 6:38 a.m.
  • Length: 11:52

All games in this series

Show
View Real Time Build Order
Export as new Build Order

ByuN Terran - Winner!

Build Orders: Gas First Reaper Expand 

Get SALT Encoding   

  12  0:00  SCV  
  13  0:12  SCV  
  14  0:17  Supply Depot  
  14  0:24  SCV  
  14  0:28  Refinery  
  15  0:39  SCV  
  16  0:45  Barracks  
  16  0:51  SCV  
  17  1:03  SCV  
  18  1:15  SCV  
  19  1:31  Orbital Command, Reaper  
  20  1:43  Command Center  
  20  1:54  Factory  
  20  1:57  SCV  
  21  2:05  Barracks Reactor  
  21  2:09  SCV  
  21  2:11  Supply Depot  
  22  2:16  Refinery  
  22  2:21  SCV  
  23  2:33  SCV  
  24  2:42  Starport  
  24  2:45  SCV  
  24  2:49  Hellion x2  
  29  2:55  Orbital Command  
  29  2:57  SCV  
  30  3:02  Barracks Tech Lab  
  29  3:09  SCV  
  29  3:14  Hellion  
  30  3:21  SCV  
  31  3:27  SCV  
  31  3:34  SCV  
  33  3:39  SCV  
  33  3:41  Hellion x2  
  38  3:44  Raven  
  38  3:47  SCV  
  41  3:51  Supply Depot  
  41  3:55  SCV  
  42  3:59  Refinery, SCV  
  43  4:07  Supply Depot  
  43  4:09  SCV  
  44  4:11  SCV  
  44  4:13  Marine  
  44  4:14  Factory Tech Lab, Marine  
  47  4:21  SCV  
  47  4:23  SCV  
  49  4:27  Raven  
  51  4:32  Marine x2, Supply Depot  
  51  4:33  SCV  
  51  4:34  Cyclone  
  51  4:35  SCV  
  58  4:41  Supply Depot  
  58  4:45  SCV  
  59  4:47  SCV  
  59  4:50  Marine x2  
  62  4:57  SCV  
  62  4:59  SCV  
  64  5:07  Refinery  
  64  5:08  Supply Depot  
  64  5:12  Siege Tank  
  64  5:13  Raven  
  70  5:14  SCV  
  70  5:15  SCV, Command Center  
  70  5:20  Supply Depot  
  71  5:26  SCV, Marine x2  
  71  5:27  SCV  
  75  5:38  SCV  
  75  5:39  SCV  
  77  5:43  Barracks  
  77  5:44  Barracks  
  77  5:46  Siege Tank, Marine x2  
  82  5:50  SCV  
  82  5:51  SCV  
  82  6:02  SCV  
  82  6:03  SCV  
  84  6:12  Marine  
  84  6:13  Viking x2  
  84  6:14  SCV, Stimpack  
  84  6:15  SCV  
  91  6:18  Siege Tank  
  91  6:21  Engineering Bay x2  
  94  6:26  SCV  
  94  6:27  SCV  
  94  6:30  SCV  
  95  6:34  Marine, Barracks Reactor x2  
  95  6:39  SCV  
  98  6:40  SCV  
  98  6:42  Orbital Command  
  98  6:46  Viking  
  100  6:47  Viking  
  100  6:48  Terran Infantry Weapons Level 1  
  100  6:50  Terran Infantry Armor Level 1  
  100  6:51  SCV  
  100  6:52  Marine  
  100  7:04  SCV x2, Siege Tank  
  100  7:08  SCV  
  101  7:09  Refinery x2  
  101  7:10  Marine  
  101  7:11  Sensor Tower  
  101  7:13  Marine x2  
  101  7:14  Marine x2  
  106  7:16  SCV x2  
  106  7:18  Supply Depot  
  106  7:19  Supply Depot  
  108  7:27  SCV  
  109  7:30  Supply Depot  
  109  7:39  Marine x2  
  109  7:40  Viking x2, SCV, Marine x3  
  109  7:41  Siege Tank  
  120  7:52  SCV  
  120  7:55  Supply Depot  
  120  7:57  Marine x4, Supply Depot  
  124  7:58  Marine  
  125  8:10  Medivac  
  127  8:13  Siege Tank  
  127  8:15  Marine x3  
  127  8:16  Marine x2  
  127  8:17  Viking  
  137  8:33  Marine x3  
  138  8:34  Marine x2  
  138  8:40  Viking  
  137  8:52  Marine  
  137  8:55  Marine, Supply Depot  
  134  8:56  Marine, Supply Depot  
  134  9:00  Marine  
  134  9:02  Marine  
  134  9:03  Viking, Siege Tank  
  78  9:10  Viking, Marine  
  113  9:13  SCV x2, Marine  
  113  9:14  Marine  
  106  9:17  Marine  
  106  9:20  Marine  
  106  9:25  SCV, Combat Shield  
  106  9:28  Marine  
  106  9:31  Marine  
  108  9:32  Marine  
  108  9:35  Siege Tank, Marine  
  108  9:37  Medivac  
  116  9:39  Medivac, Marine  
  116  9:41  SCV x2  
  116  9:43  Command Center  
  121  9:46  Armory, Marine  
  121  9:49  Marine  
  121  9:50  Marine  
  124  9:53  SCV x2, Marine  
  124  9:57  Marine  
  128  10:04  Marine  
  128  10:07  Marine  
  128  10:08  Marine  
  128  10:11  Marine  
  131  10:17  Marine  
  126  10:21  Marine  
  126  10:24  Marine  
  126  10:25  Marine  
  126  10:26  Siege Tank  
  132  10:29  Marine  
  132  10:34  SCV x2  
  132  10:35  Marine  
  136  10:39  Marine  
  136  10:42  Marine  
  137  10:49  Marine x2  
  141  10:52  SCV x2  
  141  10:53  Marine  
  143  10:57  Marine  
  143  10:58  Siege Tank  
  143  11:00  Marine  
  148  11:07  Marine x2  
  148  11:11  Marine  
  151  11:15  Marine  
  151  11:17  SCV  
  151  11:18  SCV, Marine  
  148  11:25  Marine x2  
  149  11:28  Marine  
  152  11:33  Marine  
Show
View Real Time Build Order
Export as new Build Order

Bunny Terran 

Build Orders:  

Get SALT Encoding   

  12  0:00  SCV  
  13  0:12  SCV  
  14  0:17  Supply Depot  
  14  0:24  SCV  
  15  0:39  SCV  
  15  0:42  Barracks  
  16  0:44  Refinery  
  16  0:51  SCV  
  16  0:54  Refinery  
  17  1:03  SCV  
  18  1:15  SCV  
  19  1:29  Orbital Command, Reaper  
  20  1:34  Supply Depot  
  20  1:45  Factory  
  20  1:55  SCV  
  21  2:01  Reaper  
  21  2:07  SCV  
  23  2:20  SCV  
  24  2:27  Command Center  
  24  2:34  Hellion  
  24  2:35  Reaper  
  27  2:37  SCV  
  27  2:44  Supply Depot  
  28  2:50  SCV  
  29  2:55  Starport  
  29  2:58  Factory Tech Lab  
  29  3:02  SCV  
  30  3:11  Barracks Reactor  
  30  3:14  SCV  
  30  3:29  Cyclone  
  30  3:30  SCV  
  30  3:33  Starport Tech Lab  
  33  3:39  Orbital Command  
  33  3:40  Refinery  
  33  3:42  SCV  
  33  3:47  Marine x2  
  36  3:52  Raven  
  36  3:54  SCV  
  39  4:05  SCV, Marine x2  
  39  4:06  SCV  
  39  4:09  Siege Tank  
  46  4:13  Supply Depot  
  46  4:21  SCV x2  
  46  4:22  Marine x2  
  50  4:28  Supply Depot  
  50  4:33  SCV x2  
  50  4:35  Raven  
  54  4:40  Marine x2  
  57  4:45  SCV x2  
  57  4:48  Siege Tank  
  61  4:53  Supply Depot  
  61  4:58  Marine x2  
  61  4:59  SCV x2  
  64  5:09  Command Center  
  64  5:13  SCV x2  
  66  5:17  Supply Depot  
  66  5:21  Siege Tank  
  69  5:24  Refinery  
  69  5:30  Viking  
  69  5:32  Viking  
  69  5:35  SCV x2  
  75  5:37  Marine  
  76  5:46  Supply Depot  
  76  5:50  SCV x2  
  76  5:52  Stimpack  
  76  5:53  Siege Tank  
  79  6:00  Viking  
  79  6:03  Marine  
  82  6:04  Viking  
  84  6:14  SCV x2  
  86  6:22  Orbital Command  
  86  6:24  Barracks x2  
  86  6:25  Siege Tank  
  89  6:27  Marine  
  89  6:29  Viking  
  92  6:34  Viking  
  92  6:38  SCV x2  
  96  6:41  Supply Depot  
  96  6:51  Marine  
  95  6:57  Siege Tank  
  95  6:59  Viking  
  89  7:02  SCV x2  
  89  7:04  Viking  
  89  7:08  SCV  
  93  7:12  Barracks Reactor x2  
  93  7:17  Marine  
  93  7:19  SCV x2  
  93  7:20  SCV  
  97  7:30  Siege Tank  
  100  7:39  Marine  
  101  7:45  Viking  
  101  7:48  SCV x2  
  101  7:49  SCV  
  106  7:52  Viking  
  108  8:01  Marine x5  
  110  8:10  Engineering Bay x2  
  110  8:11  Barracks  
  110  8:12  Barracks, Supply Depot  
  110  8:15  Viking  
  110  8:19  Marine x5  
  102  8:37  Marine x5  
  104  8:48  Combat Shield  
  104  8:54  Marine  
  104  8:55  Marine x4  
  104  8:58  Medivac x2  
  85  9:12  Marine x2  
  85  9:13  Marine x3  
  61  9:19  SCV x3  
  61  9:23  Siege Tank  
  63  9:30  Marine x5  
  68  9:32  Viking  
  68  9:37  Refinery  
  70  9:46  Medivac  
  70  9:48  Marine x5  
  77  9:57  Marine  
  77  9:59  Missile Turret, Supply Depot  
  78  10:01  Missile Turret  
  78  10:06  Marine x5  
  83  10:08  Siege Tank  
  84  10:23  Orbital Command, Marine  
  84  10:24  Marine x4  
  84  10:25  Barracks Reactor x2  
  88  10:37  SCV x2  
  88  10:41  Marine  
  88  10:42  Siege Tank  
  94  10:44  Marine x4  
  98  10:50  SCV  
  99  10:59  Marine  
  99  11:00  Medivac x2  
  99  11:02  Marine x4  
  99  11:03  Marine x4  
  112  11:10  Supply Depot  
  112  11:17  Marine  
  105  11:22  Marine x7  

Tags
 
Add a new tag
Caveats
  • Supply blocks, unpowered buildings, or Contaminate may cause inaccurate times.
  • Supply counts are checked every 10 seconds.